 Dungeon Sprint DCSS version 0.23.2-1-ga50397a6bc (webtiles) character file.

Game seed: 17725659522265113349

630 Kobolds4U the Imperceptible (level 7, -2/33 HPs)
             Began as a Spriggan Assassin on May 28, 2019.
             Was an Initiate of Okawaru.
             Slain by a centaur warrior (3 damage)
             ... in the Dungeon (Sprint I: "Red Sonja").
             The game lasted 00:02:36 (430 turns).

Kobolds4U the Imperceptible (Spriggan Assassin)      Turns: 430, Time: 00:02:37

Health: -2/33      AC:  3    Str:  7    XL:     7   Next: 24%
Magic:  8/8        EV: 21    Int: 12    God:    Okawaru [......]
Gold:   357        SH:  0    Dex: 20    Spells: 6/6 levels left

rFire    . . .     SeeInvis +   b - +0 blowgun
rCold    . . .     Gourm    .   (shield restricted)
rNeg     . . .     Faith    .   c - +0 robe
rPois    .         Spirit   .   (helmet restricted)
rElec    .         Reflect  .   d - +0 cloak
rCorr    .         Harm     .   (gloves unavailable)
MR       +....     NoTele   +   (boots unavailable)
Stlth    ++++++++..             (no amulet)
HPRegen  0.11/turn              (no ring)
MPRegen  0.11/turn              (no ring)

@: very slightly contaminated, very quick
A: very small, unfitting armour, see invisible, herbivore, speed 3, slow
metabolism 2
a: Renounce Religion


You were in the Dungeon.
You worshipped Okawaru.
Okawaru was noncommittal.
You were not hungry.

You visited 1 branch You collected 405 gold pieces.
You spent 48 gold pieces at shops.

Inventory:

Hand Weapons
 a - a +2 dagger
 b - a +0 blowgun (weapon)
 n - a +1 dagger of venom
Missiles
 e - 7 poisoned needles (quivered)
Armour
 c - a +0 robe (worn)
 d - a +0 cloak (worn)
Scrolls
 h - a scroll of fog
 o - a scroll of identify
Potions
 i - a potion of heal wounds
 j - a potion of haste
 k - 2 potions of magic
 l - a potion of berserk rage
Comestibles
 g - 2 rations


   Skills:
 - Level 1.5 Fighting
 - Level 2.1 Short Blades
 - Level 2.0 Throwing
 + Level 5.2 Dodging
 * Level 21.4 Stealth


You had 6 spell levels left.
You didn't know any spells.
Your spell library was empty.

Dungeon Overview and Level Annotations

Branches:
Dungeon (1/1)

Altars:
Cheibriados
Dithmenos
Elyvilon
Fedhas
Gozag
Hepliaklqana
Kikubaaqudgha
Makhleb
Nemelex Xobeh
Okawaru
Qazlal
Ru
Sif Muna
Trog
Uskayaw
Vehumet
Wu Jian
Xom
Yredelemnul
Zin
The Shining One
Jiyva
Lugonu

Shops:
D ?


Innate Abilities, Weirdness & Mutations

You are very small and have problems with some larger weapons.
You are too small for most types of armour.
You have supernaturally acute eyesight. (SInv)
You are a herbivore.
You cover ground extremely quickly.
You need to consume almost no food.


Message History

Firing (i - inventory. (/) - cycle)
f - 2 curare-tipped needles (quivered)
Press: ? - help, Shift-Dir - straight line, f - centaur warrior
Aim: a centaur warrior (purple smoke)
You shoot a curare-tipped needle.
The curare-tipped needle barely misses the centaur warrior.
The centaur warrior misses you. The centaur warrior barely misses you.
The centaur warrior hits you.
* * * LOW HITPOINT WARNING * * *
Firing (i - inventory. (/) - cycle)
f - a curare-tipped needle (quivered)
Press: ? - help, Shift-Dir - straight line, f/p - centaur warrior
Aim: a centaur warrior (purple smoke)
You shoot a curare-tipped needle.
The curare-tipped needle hits the centaur warrior.
The centaur warrior is poisoned.
The centaur warrior convulses.
The centaur warrior seems to slow down.
The centaur warrior is lightly wounded.
The centaur warrior hits you.
* * * LOW HITPOINT WARNING * * *
The centaur warrior hits you.
You die...

###################
#..'..#..'..#__#..+
'..#..'..#..'^.'..#
#####'#####'#__####
####..#...#§####§§#
#__####..##§#§§§§c#
#_____##'#§§§§§§@§+
#_.∩...'..§§#≈§§§c#
#_..__##_.#'##+####
#_____###+#.#
####### ###


You could see 2 centaur warriors.

Vanquished Creatures
  A slime creature (D)
  Sigmund (D)
  A yak (D)
  An ogre (D)
  A jelly (D)
  Ijyb (D)
6 creatures vanquished.

Notes
Turn   | Place    | Note
-------+----------+-------------------------------------------
     0 | D        | Kobolds4U the Spriggan Assassin began the quest for the
                  | Orb.
     0 | D        | Reached XP level 1. HP: 10/10 MP: 2/2
     1 | D        | Noticed Ijyb
    23 | D        | Killed Ijyb
    23 | D        | Reached skill level 10 in Stealth
    23 | D        | Reached XP level 2. HP: 4/14 MP: 3/3
   181 | D        | Noticed an ogre
   200 | D        | Killed an ogre
   200 | D        | Reached skill level 14 in Stealth
   200 | D        | Reached XP level 3. HP: 18/18 MP: 4/4
   200 | D        | Reached XP level 4. HP: 22/22 MP: 5/5
   217 | D        | Noticed Sigmund
   248 | D        | Killed Sigmund
   248 | D        | Reached skill level 18 in Stealth
   248 | D        | Reached XP level 5. HP: 18/25 MP: 6/6
   248 | D        | Reached XP level 6. HP: 22/30 MP: 7/7
   341 | D        | Found a burning altar of Makhleb.
   341 | D        | Found a viscous altar of Jiyva.
   341 | D        | Found a shimmering altar of Xom.
   341 | D        | Found a corrupted altar of Lugonu.
   341 | D        | Noticed a slime creature
   344 | D        | Killed a slime creature
   344 | D        | Reached skill level 20 in Stealth
   346 | D        | Found an ornate altar of the Wu Jian Council.
   346 | D        | Found a deep blue altar of Sif Muna.
   348 | D        | Found a radiant altar of Vehumet.
   379 | D        | Found Lynt's Magic Scroll Emporium.
   379 | D        | Found an ancient bone altar of Kikubaaqudgha.
   379 | D        | Found a hazy altar of Hepliaklqana.
   379 | D        | Found a stormy altar of Qazlal.
   379 | D        | Found a hide-covered altar of Uskayaw.
   379 | D        | Found a blossoming altar of Fedhas.
   379 | D        | Found a bloodstained altar of Trog.
   379 | D        | Found an iron altar of Okawaru.
   379 | D        | Found a basalt altar of Yredelemnul.
   379 | D        | Found a glowing golden altar of the Shining One.
   379 | D        | Found a snail-covered altar of Cheibriados.
   379 | D        | Found a sacrificial altar of Ru.
   379 | D        | Found a glowing silver altar of Zin.
   379 | D        | Found a shadowy altar of Dithmenos.
   379 | D        | Found a white marble altar of Elyvilon.
   379 | D        | Noticed a yak
   380 | D        | Found an opulent altar of Gozag.
   381 | D        | Killed a yak
   381 | D        | Reached skill level 5 in Dodging
   381 | D        | Reached skill level 21 in Stealth
   381 | D        | Reached XP level 7. HP: 33/33 MP: 8/8
   382 | D        | Found a sparkling altar of Nemelex Xobeh.
   386 | D        | Bought a scroll of fog for 24 gold pieces
   386 | D        | Bought a scroll of identify for 24 gold pieces
   389 | D        | Became a worshipper of Warmaster Okawaru
   427 | D        | Noticed a centaur warrior
   427 | D        | Noticed a centaur warrior
   430 | D        | HP: 1/33 [centaur warrior (4)]
   430 | D        | Slain by a centaur warrior

Skill      XL: |  1  2  3  4  5  6 |
---------------+-------------------+-----
Stealth        | 10 14 18 21 | 21.4
Dodging        | 5 |  5.2
Fighting       | |  1.5
Short Blades   | |  2.1
Throwing       | |  2.0

Action                   |  1- 3 |  4- 6 |  7- 9 || total
-------------------------+-------+-------+-------++-------
Melee: Dagger            |     4 |     3 |       ||     7
 Fire: Blowgun           |     7 |     6 |     2 ||    15
  Use: Potion            |     1 |       |       ||     1
       Scroll            |       |       |     1 ||     1
 Stab: Sleeping          |       |     3 |       ||     3
Armor: Robe              |       |     1 |       ||     1
Dodge: Dodged            |     5 |     1 |     4 ||    10
